 Dungeon Crawl Stone Soup version 0.30.1-11-g7821555f0a (webtiles) character file.

Game seed: 10286064297119958232

46 Destapler the Ruffian (level 3, 0/36 HPs)
             Began as a Troll Monk on Dec 25, 2023.
             Slain by a gnoll
             ... wielding a +0 halberd
              (8 damage)
             ... on level 2 of the Dungeon.
             The game lasted 00:00:47 (516 turns).

Destapler the Ruffian (Troll Monk)                   Turns: 516, Time: 00:00:48

Health: 0/36       AC:  4    Str: 19    XL:     3   Next: 44%
Magic:  2/2        EV: 10    Int:  6    God:
Gold:   123        SH:  0    Dex: 14    Spells: 2/2 levels left

rFire   . .          .
                       - Unarmed
rCold   . . .        c - orb {light}
rNeg    . . .        a - +0 robe
rPois   .            (helmet restricted)
rElec   .            (no cloak)
rCorr   .            (gloves unavailable)
SInv    .            (boots unavailable)
Will    .....        (no amulet)
Stlth   +            (no ring)
HPRegen 1.06/turn    (no ring)
MPRegen 0.08/turn

%: no passive effects
@: confused, ambrosia-drunk, glowing
A: large, unfitting armour, claws 3, regeneration 1, shaggy fur 1, tough skin 1
a: no special abilities


You were on level 2 of the Dungeon.
You visited 1 branch of the dungeon, and saw 2 of its levels.

You collected 123 gold pieces.

Inventory:

Armour
 a - a +0 robe (worn)
 c - an orb of light (worn)
Jewellery
 h - a ring of wizardry
Scrolls
 e - 3 scrolls of teleportation {unknown}
 g - a scroll of identify {unknown}
Potions
 d - a potion of lignification {unknown}
 f - a potion of curing {unknown}
 i - a potion of heal wounds {unknown}
 j - a potion of might {unknown}


   Skills:
 + Level 2.7 Fighting
 + Level 1.0 Throwing
 + Level 1.0 Armour
 + Level 2.7 Dodging
 + Level 3.3 Unarmed Combat


You had 2 spell levels left.
You didn't know any spells.
Your spell library contained the following spells:

 Spells                   Type           Power      Damage    Failure   Level
 Sublimation of Blood     Necr           0%         N/A       58%         2
 Wereblood                Tmut           0%         N/A       58%         2
 Summon Hydra             Summ           0%         N/A       100%        7


Dungeon Overview and Level Annotations

Branches:
Dungeon (2/15)

Altars:


Innate Abilities, Weirdness & Mutations

You are too large for most types of armour.
You have claws for hands.
Your natural rate of healing is unusually fast.
You are covered in fur. (AC +1)
You have tough skin. (AC +1)


Message History

The gnoll shouts!
The endoplasm quivers.
There are monsters nearby!
You claw the adder!
You kill the adder!
The gnoll hits you but does no damage. The gnoll completely misses you.
Your Throwing skill increases to level 1!
Your Armour skill increases to level 1!
There are monsters nearby!
The gnoll hits you with a +0 spear. The gnoll misses you.
You scratch the gnoll.
The gnoll is lightly wounded.
The gnoll hits you with a +0 spear. x2; The gnoll barely misses you.
The gnoll hits you with a +0 whip. The endoplasm freezes you.
You are frozen.
You claw the gnoll!
The gnoll is almost dead.
The gnoll hits you with a +0 spear. The endoplasm barely misses you.
The gnoll closely misses you. The gnoll hits you with a +0 halberd.
The gnoll barely misses you.
You scratch the gnoll.
The gnoll is almost dead.
The gnoll hits you with a +0 spear!
* * * LOW HITPOINT WARNING * * *
The gnoll closely misses you. The gnoll barely misses you.
The endoplasm hits you.
* * * LOW HITPOINT WARNING * * *
The gnoll hits you with a +0 whip.
* * * LOW HITPOINT WARNING * * *
Unknown command.
You are confused.
You feel invigorated. The gnoll hits you with a +0 spear.
* * * LOW HITPOINT WARNING * * *
The gnoll completely misses you. The endoplasm hits you.
* * * LOW HITPOINT WARNING * * *
The gnoll closely misses you. The gnoll hits you with a +0 whip.
* * * LOW HITPOINT WARNING * * *
The gnoll attacks as you move away! The gnoll hits you with a +0 halberd!
You die...

....#.#..
###.#...#.#
......."...
..........
#..?.....#
#.####........#
......ggg.....#
.. #g@J.....##
....##..........
#..........##
####.......#####
####....#...#
........#
#...#.#...#
........##
#..##.....#
.........#
###.#####...#
.........# #...#
#...#


You could see 4 gnolls and an endoplasm.

Vanquished Creatures
  An adder (D:2)
  2 dart slugs (D:1)
  6 ball pythons (D:1)
  2 endoplasms
  3 giant cockroaches
  4 goblins
  3 hobgoblins (D:1)
  3 kobolds
  2 quokkas (D:2)
  2 frilled lizards (D:1)
  A rat (D:1)
29 creatures vanquished.

Notes
Turn   | Place    | Note
-------+----------+-------------------------------------------
     0 | D:1      | Destapler the Troll Monk began the quest for the Orb.
     0 | D:1      | Reached XP level 1. HP: 22/22 MP: 0/0
    46 | D:1      | Reached XP level 2. HP: 29/29 MP: 1/1
   404 | D:2      | Reached XP level 3. HP: 36/36 MP: 2/2
   511 | D:2      | Reached skill level 1 in Throwing
   511 | D:2      | Reached skill level 1 in Armour
   516 | D:2      | Slain by a gnoll

Illustrated notes

Levels and vault maps discovered:
D:1:      ldierk_walled_garden, layout_rooms
D:2:      layout_rooms, serial_shops, nicolae_shop_window_shopping

Skill      XL: |  1  2  3 |
---------------+----------+-----
Throwing       | 1 |  1.0
Armour         | 1 |  1.0
Fighting       | |  2.7
Dodging        | |  2.7
Unarmed Combat | |  3.3

Action                     || total
---------------------------++-------
  Melee: Unarmed           ||    54
    Use: Potion            ||     1
 Armour: Robe              ||    14
  Dodge: Dodged            ||    30
